 Dungeon Crawl Stone Soup version 0.30.1-11-g7821555f0a (webtiles) character file.

Game seed: 8773259550125339782

88 SacredBeard the Grave Robber (level 4, -2/22 (32) HPs)
             Began as a Demonspawn Necromancer on Nov 4, 2023.
             Killed by divine providence
             ... invoked by an orc priest
              (17 damage)
             ... on level 3 of the Dungeon.
             The game lasted 00:06:06 (1788 turns).

SacredBeard the Grave Robber (DsNe)                 Turns: 1788, Time: 00:06:08

HP:   -2/22 (32)    AC:  4    Str:  8    XL:     4   Next: 30%
MP:   2/7           EV: 12    Int: 16    God:
Gold: 135           SH:  0    Dex: 16    Spells: 6/7 levels left

rFire   . . .        j - +0 short sword (speed)
rCold   . . .        (no shield)
rNeg    . . .        a - +0 robe
rPois   .            (helmet restricted)
rElec   .            (no cloak)
rCorr   .            (no gloves)
SInv    .            (no boots)
Will    +....        (no amulet)
Stlth   ++           h - ring of willpower
HPRegen 0.23/turn    (no ring)
MPRegen 0.10/turn

%: no passive effects
@: very heavily drained
A: horns 1, molten scales 1
a: no special abilities


You were on level 3 of the Dungeon.
You visited 1 branch of the dungeon, and saw 3 of its levels.

You collected 135 gold pieces.

Inventory:

Hand Weapons
 j - a +0 short sword of speed (weapon)
Missiles
 f - 19 stones
Armour
 a - a +0 robe (worn)
 n - a +0 chain mail
Magical Staves
 g - a staff of conjuration
Jewellery
 h - a ring of willpower (left hand)
Scrolls
 d - a scroll of teleportation {unknown}
 e - 2 scrolls of identify {unknown}
 k - 2 scrolls of immolation {unknown}
 l - a scroll of noise {unknown}
 m - a scroll of amnesia {unknown}
Potions
 b - a potion of magic
 c - a potion of heal wounds {unknown}
 i - a potion of curing


   Skills:
 + Level 1.1 Fighting
 + Level 1.0 Throwing
 + Level 1.0 Armour
 + Level 2.2 Dodging
 + Level 2.3 Stealth
 + Level 2.3 Spellcasting
 * Level 4.9 Necromancy


You had 6 spell levels left.
You knew the following spells:

 Your Spells              Type           Power      Damage    Failure   Level
a - Necrotise             Necr           68%        1d7       2%          1

Your spell library contained the following spells:

 Spells                   Type           Power      Damage    Failure   Level
 Vampiric Draining        Necr           17%        2d7       8%          3
 Slow                     Hex            4%         N/A       21%         1
 Animate Dead             Necr           17%        N/A       26%         4
 Confusing Touch          Hex            1%         N/A       52%         3
 Agony                    Necr           17%        N/A       58%         5
 Borgnjor's Vile Clutch   Necr/Erth      4%         N/A       90%         5
 Death Channel            Necr           8%         N/A       99%         6


Dungeon Overview and Level Annotations

Branches:
Dungeon (3/15) Zot: 16234

Altars:

Annotations:
D:1 1 runed translucent door


Innate Abilities, Weirdness & Mutations

You have a pair of small horns on your head.
You are partially covered in molten scales. (AC +2)


Message History

Deactivating autopickup; reactivate with Ctrl-A.
You miscast Necrotise.
You are very lightly contaminated with residual magic.
Nothing appears to happen.
Nothing appears to happen.
Something hits you.
You feel drained.
You closely miss something. You headbutt something. Something hits you.
You feel drained.
You closely miss something. Your headbutt misses something.
Your orc skeleton barely misses the orc.
You hit something but do no damage. Something barely misses you.
You barely miss something. Something hits you.
You feel drained.
Your orc skeleton hits the orc but does no damage.
You hit something but do no damage. Your headbutt misses something.
You miss something. Something hits you but does no damage.
You feel drained.
Your orc skeleton hits the orc.
You miss something. You headbutt something. You miss something.
Something hits you.
You feel drained.
An orc priest comes into view. It is wielding a +0 morningstar.
Your orc skeleton hits the orc but does no damage.
Your magical contamination has completely faded away.
You closely miss something. Something completely misses you.
The orc priest barely misses your orc skeleton.
You barely miss something.
Your orc skeleton hits the orc but does no damage.
Something hits you.
You feel drained.
The orc priest hits your orc skeleton with a +0 morningstar!
Your orc skeleton is destroyed!
You barely miss something. You hit something but do no damage.
You headbutt something. Something hits you.
You feel drained.
It was a potion of curing.
You feel better. Something hits you.
You feel drained. Something hits you but does no damage.
You feel drained.
You hear some strange, mumbled words.
A puff of flame appears from out of thin air!
The puff of flame hits you.
The orc priest mumbles some strange prayers to Beogh against you.
Beogh smites you!
Ouch! That really hurt!
You die...

............)).#.###
.....#########)#...
.....# #.#.#####
.....# #).......
.....#########)#.#.###
.##..............#.#
.##.##########.#.#.#
.##.# #.....##.# .# .#
######@....# .#
#.oo{.....## .#
####.########.# .#
#.Z........# #.# .#
#.##.#####.# # .#
#..^.# .# #.Z).# .#
#)o^.. #..###


You could see an orc priest and an orc.

Vanquished Creatures
  3 gnolls (D:2)
  A dart slug (D:2)
  8 orcs (D:3)
  5 bats
  An endoplasm (D:2)
  A giant cockroach (D:2)
  A goblin (D:2)
  3 hobgoblins (D:1)
  5 jackals (D:1)
  4 quokkas
  2 ball pythons
  A frilled lizard (D:2)
  4 kobolds (D:1)
  4 rats
43 creatures vanquished.

Vanquished Creatures (collateral kills)
  An orc (D:3)
  2 jackals (D:1)
3 creatures vanquished.

Grand Total: 46 creatures vanquished

Notes
Turn   | Place    | Note
-------+----------+-------------------------------------------
     0 | D:1      | SacredBeard the Demonspawn Necromancer began the quest for
                  | the Orb.
     0 | D:1      | Reached XP level 1. HP: 13/13 MP: 3/3
     1 | D:1      | Found a runed translucent door.
   284 | D:1      | Gained mutation: You have a pair of small horns on your
                  | head. [demonic ancestry]
   284 | D:1      | Reached XP level 2. HP: 19/19 MP: 3/5
   958 | D:2      | Reached XP level 3. HP: 25/25 MP: 1/6
  1279 | D:2      | Reached skill level 1 in Throwing
  1328 | D:2      | Reached skill level 1 in Armour
  1588 | D:3      | Gained mutation: You are partially covered in molten
                  | scales. (AC +2) [demonic ancestry]
  1588 | D:3      | Reached XP level 4. HP: 31/31 MP: 5/7
  1677 | D:3      | Reached skill level 1 in Fighting
  1758 | D:3      | Found a faded altar of an unknown god.
  1788 | D:3      | Killed from afar by an orc priest

Illustrated notes

Levels and vault maps discovered:
D:1:      dpeg_arrival_caged_fury, layout_loops_ring
D:2:      layout_rooms
D:3:      layout_loops_ring, ebering_ecumenical_altar_webs,
          minmay_goblin_kobold_house

Skill      XL: |  1  2  3  4 |
---------------+-------------+-----
Dodging        | 2 |  2.2
Stealth        | 2 |  2.3
Throwing       | 1 |  1.0
Armour         | 1 |  1.0
Fighting       | 1 |  1.1
Spellcasting   | |  2.3
Necromancy     | |  4.9

Action                     |  1- 3 |  4- 6 || total
---------------------------+-------+-------++-------
  Melee: Unarmed           |    14 |       ||    14
         Headbutt          |     4 |    10 ||    14
         Short sword       |    30 |    33 ||    63
  Throw: Stone             |     1 |       ||     1
   Cast: Necrotise         |    51 |    16 ||    67
    Use: Potion            |       |     1 ||     1
 Armour: Robe              |     8 |     2 ||    10
  Dodge: Dodged            |    28 |    12 ||    40
